 Dungeon Sprint DCSS version 0.21.1 (webtiles) character file.

1243 Lapis the Blocker (level 8, -10/71 HPs)
             Began as a Gnoll Fighter on Feb 3, 2018.
             Was a Priest of Cheibriados.
             Mangled by Snorg (15 damage)
             ... in the Dungeon (Sprint III: "The Ten Rune Challenge").
             The game lasted 00:05:00 (1565 turns).

Lapis the Blocker (Gnoll Fighter)                   Turns: 1565, Time: 00:05:01

Health: -10/71     AC:  8    Str: 30    XL:     8   Next: 50%
Magic:  13/15      EV: 15    Int: 17    God:    Cheibriados [***...]
Gold:   16         SH: 13    Dex: 22    Spells: 19/19 levels left

rFire    . . .     SeeInvis .   d - +2 long sword (holy)
rCold    . . .     Gourm    .   c - +0 shield
rNeg     . . .     Faith    .   b - +0 scale mail
rPois    .         Spirit   .   (no helmet)
rElec    .         Reflect  .   (no cloak)
rCorr    .         Harm     .   (no gloves)
MR       .....     NoTele   +   (no boots)
Stlth    ++........             (no amulet)
HPRegen  0.21/turn              (no ring)
MPRegen  0.14/turn              (no ring)

@: very slow
A: distributed training, fangs 1, blink, low mp 1, strong 1, strong nose
a: Blink, Bend Time, Temporal Distortion, Renounce Religion


You were in the Dungeon.
You worshipped Cheibriados.
Cheibriados was most pleased with you.
You were not hungry.

You visited 1 branch You collected 16 gold pieces.

Inventory:

Hand Weapons
 a - a +0 long sword
 d - a +2 long sword of holy wrath (weapon)
 y - a +0 hunting sling
Missiles
 l - 20 stones (quivered)
Armour
 b - a +0 scale mail (worn)
 c - a +0 shield (worn)
Wands
 h - a wand of disintegration (17)
Scrolls
 k - a scroll of blinking
 q - 2 scrolls of holy word {unknown}
 r - a scroll of identify
 s - a scroll of amnesia {unknown}
 t - a scroll of remove curse {unknown}
Potions
 e - a potion of curing
 g - 2 potions of heal wounds
 i - 2 potions of magic
 n - a potion of brilliance
 v - 2 potions of flight
Books
 o - a book of Cantrips

   Spells                             Type                      Level
   a - Confusing Touch                Hexes                        1
   b - Animate Skeleton               Necromancy                   1
   c - Summon Small Mammal            Summoning                    1
   d - Apportation                    Translocation                1
 p - a book of Dreams

   Spells                             Type                      Level
   a - Ensorcelled Hibernation        Hexes/Ice                    2
   b - Borgnjor's Vile Clutch         Necromancy/Earth             5
   c - Silence                        Hexes/Air                    5
   d - Darkness                       Hexes                        6
   e - Shadow Creatures               Summoning                    6
Miscellaneous
 j - a box of beasts
Comestibles
 f - 4 rations


   Skills:
 + Level 9.3 Fighting
 + Level 6.4 Short Blades
 + Level 8.0 Long Blades
 + Level 6.4 Axes
 + Level 6.4 Maces & Flails
 + Level 6.4 Polearms
 + Level 6.4 Staves
 + Level 6.4 Slings
 + Level 6.4 Bows
 + Level 6.4 Crossbows
 + Level 6.4 Throwing
 + Level 9.3 Armour
 + Level 6.4 Dodging
 + Level 6.4 Stealth
 + Level 9.3 Shields
 + Level 6.4 Unarmed Combat
 + Level 6.4 Spellcasting
 + Level 5.3 Conjurations
 + Level 5.3 Hexes
 + Level 5.3 Charms
 + Level 5.3 Summonings
 + Level 5.3 Necromancy
 + Level 5.3 Translocations
 + Level 5.3 Transmutations
 + Level 5.3 Fire Magic
 + Level 5.3 Ice Magic
 + Level 5.3 Air Magic
 + Level 5.3 Earth Magic
 + Level 5.3 Poison Magic
 + Level 7.1 Invocations
 + Level 6.4 Evocations


You had 19 spell levels left.
You didn't know any spells.

Dungeon Overview and Level Annotations

Branches:
Dungeon (1/1)

Altars:
Cheibriados
Dithmenos
Elyvilon
Fedhas
Gozag
Hepliaklqana
Kikubaaqudgha
Makhleb
Nemelex Xobeh
Okawaru
Qazlal
Ru
Sif Muna
Trog
Uskayaw
Vehumet
Wu Jian
Xom
Yredelemnul
Zin
The Shining One
Beogh
Jiyva
Lugonu

Annotations:
D Snorg


Innate Abilities, Weirdness & Mutations

Your experience applies equally to all skills.
You have very sharp teeth.
Your uncanny sense of smell can sniff out nearby items.
You can translocate small distances at will.
Your magical capacity is low. (-10% MP)
Your muscles are strong. (Str +2)


Message History

You block Snorg's attack. Snorg closely misses you. You block Snorg's attack.
You barely miss Snorg.
Snorg is moderately wounded.
Snorg bites you. You block Snorg's attack. Snorg claws you!
You block Snorg's attack. Snorg completely misses you.
You block Snorg's attack.
You hit Snorg.
Snorg is moderately wounded.
Snorg bites you!! You block Snorg's attack. Snorg barely misses you.
You slash Snorg!
Snorg is moderately wounded.
Snorg bites you!
* * * LOW HITPOINT WARNING * * *
You block Snorg's attack. x4; Snorg barely misses you.
You block Snorg's attack. Snorg claws you.
* * * LOW HITPOINT WARNING * * *
Snorg claws you!
* * * LOW HITPOINT WARNING * * *
You fail to use your ability.
Snorg bites you!
You die...

♣♣.#___#___#__# ∆∆ ∆
♣..#...#__÷#._#∆∆ ∆
♣♣..###+#+###+##∆
♣.♣.#....!..).[#∆
♣.♣.+.⌠........#∆
∆∆∆∆∆ ≈.♣.#...######+#
∆
....#.⌠.#__#...#+#####
....#[..#__#...#§T≈≈≈+
....#+###__#...#@#§§§#
....#)).#__#...'.#§§§#
....#___#__+...#.#.§§#
▓▓▓▓▓▓▓▓▓▓▓▓▓▓▓▓▓▓▓▓▓▓


You could see Snorg (berserk).

Vanquished Creatures
  A deep elf mage (D)
  A shadow (D)
  A spatial vortex (D)
  A necrophage (D)
  A water elemental (D)
  A jelly (D)
  Jessica (D)
  A wizard (D)
  A necromancer (D)
  A kobold demonologist (D)
  3 humans (D)
  A wolf (D)
  3 rats (D)
17 creatures vanquished.

Vanquished Creatures (others)
  2 draconian scorchers (D)
  6 hellions (D)
  3 yaktaurs (D)
  3 plants (D)
14 creatures vanquished.

Grand Total: 31 creatures vanquished

Notes
Turn   | Place    | Note
-------+----------+-------------------------------------------
     0 | D        | Lapis the Gnoll Fighter began the quest for the Orb.
     0 | D        | Reached XP level 1. HP: 23/23 MP: 1/1
    12 | D        | Noticed Jessica
    21 | D        | Killed Jessica
    21 | D        | Reached skill level 1 in Short Blades
    21 | D        | Reached skill level 1 in Axes
    21 | D        | Reached skill level 1 in Maces & Flails
    21 | D        | Reached skill level 1 in Polearms
    21 | D        | Reached skill level 1 in Staves
    21 | D        | Reached skill level 1 in Slings
    21 | D        | Reached skill level 1 in Bows
    21 | D        | Reached skill level 1 in Crossbows
    21 | D        | Reached skill level 1 in Throwing
    21 | D        | Reached skill level 1 in Dodging
    21 | D        | Reached skill level 1 in Stealth
    21 | D        | Reached skill level 1 in Unarmed Combat
    21 | D        | Reached skill level 1 in Spellcasting
    21 | D        | Reached skill level 1 in Conjurations
    21 | D        | Reached skill level 1 in Hexes
    21 | D        | Reached skill level 1 in Charms
    21 | D        | Reached skill level 1 in Summonings
    21 | D        | Reached skill level 1 in Necromancy
    21 | D        | Reached skill level 1 in Translocations
    21 | D        | Reached skill level 1 in Transmutations
    21 | D        | Reached skill level 1 in Fire Magic
    21 | D        | Reached skill level 1 in Ice Magic
    21 | D        | Reached skill level 1 in Air Magic
    21 | D        | Reached skill level 1 in Earth Magic
    21 | D        | Reached skill level 1 in Poison Magic
    21 | D        | Reached skill level 1 in Evocations
    21 | D        | Reached XP level 2. HP: 29/29 MP: 1/4
    21 | D        | Reached XP level 3. HP: 35/35 MP: 1/5
    86 | D        | Killed a hellion
    86 | D        | Killed a hellion
    87 | D        | Killed a hellion
   104 | D        | Reached skill level 5 in Long Blades
   122 | D        | Killed a hellion
   224 | D        | Killed a white draconian scorcher
   231 | D        | Killed a hellion
   241 | D        | Reached XP level 4. HP: 13/43 MP: 7/7
   250 | D        | Killed a white draconian scorcher
   276 | D        | Killed a hellion
   285 | D        | Gained mutation: You have a pair of small horns on your head. [potion of mutation]
   286 | D        | Lost mutation: You have a pair of small horns on your head. [potion of mutation]
   286 | D        | Gained mutation: Your muscles are strong. (Str +2) [potion of mutation]
   286 | D        | Gained mutation: Your magical capacity is low. (-10% MP) [potion of mutation]
   286 | D        | Gained mutation: You can translocate small distances at will. [potion of mutation]
   352 | D        | Killed a yaktaur
   373 | D        | Killed a yaktaur
   452 | D        | Noticed a water elemental
   461 | D        | Killed a water elemental
   461 | D        | Reached XP level 5. HP: 39/48 MP: 6/8
   610 | D        | Noticed a shadow
   619 | D        | HP: 1/48 [something (22)]
   621 | D        | Killed a shadow
   621 | D        | Reached XP level 6. HP: 2/56 MP: 9/11
   933 | D        | Found a blossoming altar of Fedhas.
   933 | D        | Found a stormy altar of Qazlal.
   933 | D        | Found a snail-covered altar of Cheibriados.
   933 | D        | Found a burning altar of Makhleb.
   933 | D        | Found a shimmering altar of Xom.
   934 | D        | Found a hazy altar of Hepliaklqana.
   934 | D        | Found an opulent altar of Gozag.
   934 | D        | Found a sparkling altar of Nemelex Xobeh.
   934 | D        | Found a corrupted altar of Lugonu.
   934 | D        | Found a viscous altar of Jiyva.
   934 | D        | Noticed a spatial vortex
   936 | D        | Became a worshipper of Cheibriados the Contemplative
   951 | D        | Found a basalt altar of Yredelemnul.
   951 | D        | Found a shadowy altar of Dithmenos.
   951 | D        | Found a sacrificial altar of Ru.
   951 | D        | Noticed a necrophage
   955 | D        | Reached skill level 5 in Invocations
   965 | D        | Killed a necrophage
   965 | D        | Reached * piety under Cheibriados
   987 | D        | Found a radiant altar of Vehumet.
   987 | D        | Found a deep blue altar of Sif Muna.
   987 | D        | Found an ancient bone altar of Kikubaaqudgha.
   988 | D        | Reached skill level 5 in Short Blades
   988 | D        | Reached skill level 5 in Axes
   988 | D        | Reached skill level 5 in Maces & Flails
   988 | D        | Reached skill level 5 in Polearms
   988 | D        | Reached skill level 5 in Staves
   988 | D        | Reached skill level 5 in Slings
   988 | D        | Reached skill level 5 in Bows
   988 | D        | Reached skill level 5 in Crossbows
   988 | D        | Reached skill level 5 in Throwing
   988 | D        | Reached skill level 5 in Dodging
   988 | D        | Reached skill level 5 in Stealth
   988 | D        | Reached skill level 5 in Unarmed Combat
   988 | D        | Reached skill level 5 in Spellcasting
   988 | D        | Reached skill level 5 in Evocations
   988 | D        | Reached XP level 7. HP: 63/63 MP: 13/13
   991 | D        | Noticed an orange demon
   993 | D        | Noticed an orange demon
  1019 | D        | Found a glowing silver altar of Zin.
  1019 | D        | Found a glowing golden altar of the Shining One.
  1019 | D        | Found a white marble altar of Elyvilon.
  1019 | D        | Noticed a deep elf mage
  1026 | D        | Killed a deep elf mage
  1026 | D        | Reached ** piety under Cheibriados
  1026 | D        | Reached XP level 8. HP: 32/70 MP: 13/15
  1202 | D        | Found a hide-covered altar of Uskayaw.
  1202 | D        | Found a roughly hewn altar of Beogh.
  1202 | D        | Found an iron altar of Okawaru.
  1202 | D        | Found a bloodstained altar of Trog.
  1202 | D        | Found an ornate altar of the Wu Jian Council.
  1216 | D        | Reached skill level 5 in Conjurations
  1216 | D        | Reached skill level 5 in Hexes
  1216 | D        | Reached skill level 5 in Charms
  1216 | D        | Reached skill level 5 in Summonings
  1216 | D        | Reached skill level 5 in Necromancy
  1216 | D        | Reached skill level 5 in Translocations
  1216 | D        | Reached skill level 5 in Transmutations
  1216 | D        | Reached skill level 5 in Fire Magic
  1216 | D        | Reached skill level 5 in Ice Magic
  1216 | D        | Reached skill level 5 in Air Magic
  1216 | D        | Reached skill level 5 in Earth Magic
  1216 | D        | Reached skill level 5 in Poison Magic
  1227 | D        | Reached *** piety under Cheibriados
  1385 | D        | Killed a yaktaur
  1556 | D        | Noticed Snorg
  1565 | D        | Mangled by Snorg

Skill      XL: |  1  2  3  4  5  6  7  8 |
---------------+-------------------------+-----
Short Blades   | 1 2 3 4 5 6 |  6.4
Axes           | 1 2 3 4 5 6 |  6.4
Maces & Flails | 1 2 3 4 5 6 |  6.4
Polearms       | 1 2 3 4 5 6 |  6.4
Staves         | 1 2 3 4 5 6 |  6.4
Slings         | 1 2 3 4 5 6 |  6.4
Bows           | 1 2 3 4 5 6 |  6.4
Crossbows      | 1 2 3 4 5 6 |  6.4
Throwing       | 1 2 3 4 5 6 |  6.4
Dodging        | 1 2 3 4 5 6 |  6.4
Stealth        | 1 2 3 4 5 6 |  6.4
Unarmed Combat | 1 2 3 4 5 6 |  6.4
Spellcasting   | 1 2 3 4 5 6 |  6.4
Conjurations   | 1 2 3 4 5 |  5.3
Hexes          | 1 2 3 4 5 |  5.3
Charms         | 1 2 3 4 5 |  5.3
Summonings     | 1 2 3 4 5 |  5.3
Necromancy     | 1 2 3 4 5 |  5.3
Translocations | 1 2 3 4 5 |  5.3
Transmutations | 1 2 3 4 5 |  5.3
Fire Magic     | 1 2 3 4 5 |  5.3
Ice Magic      | 1 2 3 4 5 |  5.3
Air Magic      | 1 2 3 4 5 |  5.3
Earth Magic    | 1 2 3 4 5 |  5.3
Poison Magic   | 1 2 3 4 5 |  5.3
Invocations    | 2 3 4 5 6 7 |  7.1
Evocations     | 1 2 3 4 5 6 |  6.4
Long Blades    | 5 6 7 8 |  8.0
Fighting       | 7 8 9 |  9.3
Armour         | 7 8 9 |  9.3
Shields        | 7 8 9 |  9.3

Action                   |  1- 3 |  4- 6 |  7- 9 || total
-------------------------+-------+-------+-------++-------
Melee: Long sword        |    33 |    36 |    46 ||   115
       Bite              |     6 |     9 |    13 ||    28
Invok: Bend Time         |       |       |     1 ||     1
  Use: Potion            |       |     3 |     2 ||     5
       Scroll            |       |       |     2 ||     2
  Eat: Chunk             |       |       |     1 ||     1
Armor: Scale mail        |     6 |     7 |     9 ||    22
Dodge: Dodged            |     7 |     7 |    18 ||    32
Block: Shield            |    16 |    13 |    45 ||    74
       Rpst.: Long sword |     1 |     3 |     8 ||    12
